 Dungeon Sprint DCSS version 0.20-a0-2-g2b0e13a (webtiles) character file.

338525 tsouns the Conqueror (level 21, -5/204 HPs)
             Began as a Formicid Fighter on Oct 29, 2016.
             Was an Initiate of Gozag.
             Killed from afar by a Hell Sentinel (40 damage)
             ... with damnation
             ... summoned by an ancient lich
             ... in the Dungeon (Sprint IX: "|||||||||||||||||||||||||||||").
             The game lasted 01:16:49 (13914 turns).

tsouns the Conqueror (Formicid Fighter)            Turns: 13914, Time: 01:16:51

Health: -5/204     AC: 40    Str: 39    XL:     21   Next: 37%
Magic:  0/37       EV: 40    Int: 14    God:    Gozag
Gold:   27117      SH: 35    Dex: 24    Spells: 0 memorised, 20 levels left

rFire  + + .     SeeInvis +     E - +5 great sword "Spiderbane" {venom, rN+ Str+6 Dex+4}
rCold  + + .     Gourm    .     y - +7 plate armour {rF+}
rNeg   + . .     Faith    .     m - +5 large shield
rPois  +         Spirit   +     (helmet unavailable)
rElec  +         Reflect  .     A - +2 cloak
rCorr  +         Harm     .     I - +1 pair of gloves {Str+3}
MR     ++...                    n - +2 pair of boots
Stlth  +++.......               N - amulet of guardian spirit
                                Q - ring of Cheibriados's Esteem {rElec rC+ Stlth+}
                                J - +4 ring of evasion

@: mighty, brilliant, agile, resistant, gold aura, very slightly contaminated,
invisible
A: permanent stasis, dig shafts and tunnels, four strong arms, antennae 3,
blurry vision 1, no device heal 1, subdued magic 1
a: Dig, Potion Petition, Call Merchant, Bribe Branch, Renounce Religion
}: 5/15 runes: decaying, serpentine, barnacled, silver, gossamer


You were in the Dungeon.
You worshipped Gozag.
Gozag was extremely pleased with you.
You were not hungry.

You visited 1 branch You collected 40699 gold pieces.
You spent 2906 gold pieces at shops.
You paid 10676 gold pieces to Gozag.

Inventory:

Hand Weapons
 u - a +3 great sword of flaming
 x - a +0 blowgun
 E - the +5 great sword "Spiderbane" (weapon) {venom, rN+ Str+6 Dex+4}
   (You found it in the Dungeon)

   It poisons the flesh of those it strikes.
   It affects your strength (+6).
   It affects your dexterity (+4).
   It protects you from negative energy.
 H - the +8 scimitar of Nicihi {elec, rC+}
   (You bought it in a shop in the Dungeon)

   Occasionally, upon striking a foe, it will discharge some electrical energy
   and cause terrible harm.
   It protects you from cold.
 K - a +4 great sword
Missiles
 b - 17 tomahawks
 z - 12 curare-tipped needles
 G - 2 throwing nets
 O - 14 javelins of returning (quivered)
Armour
 m - a +5 large shield (worn)
 n - a +2 pair of boots (worn)
 y - a +7 plate armour of fire resistance (worn)
 A - a +2 cloak (worn)
 I - a +1 pair of gloves of strength (worn)
Jewellery
 a - the ring "Motem Xiac" {rElec rN+++ Str-5 Int-5 Dex+3}
   (You found it in the Dungeon)

   [ring of dexterity]

   It affects your strength (-5).
   It affects your intelligence (-5).
   It affects your dexterity (+3).
   It insulates you from electricity.
   It renders you almost immune to negative energy.
 D - an uncursed ring of protection from magic
 J - a +4 ring of evasion (left hand)
 N - an amulet of guardian spirit (around neck)
 Q - the ring of Cheibriados's Esteem (right hand) {rElec rC+ Stlth+}
   (You found it in the Dungeon)

   [ring of protection from cold]

   It protects you from cold.
   It insulates you from electricity.
   It makes you more stealthy.
Wands
 l - a wand of acid (5/15)
 v - a wand of hasting (5/9)
Scrolls
 c - 2 scrolls of identify
 d - a scroll of recharging
 j - 6 scrolls of remove curse
 k - 2 scrolls of amnesia
 r - 5 scrolls of fear
 M - 3 scrolls of fog
Potions
 e - 4 potions of brilliance
 f - 3 potions of heal wounds
 g - 4 potions of agility
 h - 3 potions of curing
 i - 4 potions of magic
 p - a potion of ambrosia
 B - 3 potions of might
 L - 3 potions of cure mutation
Miscellaneous
 w - a phantom mirror
 P - a disc of storms
Comestibles
 q - 40 fruits
 s - 8 bread rations
 t - 8 meat rations


   Skills:
 O Level 27 Fighting
 + Level 26.9 Long Blades
 + Level 26.9 Throwing
 O Level 27 Armour
 + Level 24.1 Dodging
 - Level 10.1 Stealth
 O Level 27 Shields
 + Level 24.4 Evocations


You had 20 spell levels left.
You didn't know any spells.

Dungeon Overview and Level Annotations

Branches:
Dungeon (1/1)

Altars:
Cheibriados
Dithmenos
Elyvilon
Fedhas
Gozag
Hepliaklqana
Kikubaaqudgha
Makhleb
Nemelex Xobeh
Okawaru
Qazlal
Ru
Sif Muna
Trog
Uskayaw
Vehumet
Xom
Yredelemnul
Zin
The Shining One
Beogh
Jiyva
Lugonu

Shops:
D ([:(([*


Innate Abilities, Weirdness & Mutations

You are under a permanent stasis effect.
You can dig through walls and to a lower floor.
Your four strong arms can wield two-handed weapons with a shield.
You have a pair of large antennae on your head. (SInv)
Scrolls take you a little longer to read.
Potions and wands are less effective at restoring your health.
Your spells are a little easier to cast, but a little less powerful.


Message History

You feel clever all of a sudden. The Hell Sentinel gestures at you.
The sphere of damnation explodes!
The damnation engulfs you!
* * * LOW HITPOINT WARNING * * *
The damnation engulfs the Hell Sentinel.
The Hell Sentinel completely resists. [a] - 532 gold - heal wounds, haste and agility [b] - 550 gold - haste, agility, flight, heal wounds and curing [c] - 260 gold - haste and flight Purchase which effect?
You feel much better.
Your stasis keeps you stable.
You feel more agile all of a sudden.
The Ice Fiend calls on the powers of darkness!
The moth of wrath convulses!
The storm dragon convulses!
Your body is wracked with pain!
* * * LOW HITPOINT WARNING * * *
The Hell Sentinel gestures at you.
The sphere of damnation explodes!
The damnation engulfs you!
You die...
Your body crumbles into a pile of gold.

.▓.▓.▓.▓.▓)▓)▓.▓.▓
{
.▓.▓.▓.▓.▓.▓)▓.▓'▓
{
.▓.▓.▓.▓[▓.▓.▓.▓.▓
{
.▓.▓.▓.▓[▓.▓.▓.▓'▓
{
.▓.▓.▓.▓[▓.▓)▓.▓.▓
{
.▓.▓.▓.▓[▓.▓.▓.▓'▓
{
)▓.▓.▓.▓[▓.▓'▓.▓.▓
{
'▓.▓(▓.▓[▓.▓[▓.▓$▓
{
)▓.▓'▓.▓[▓.▓.▓.▓@▓
{
.▓.▓)▓.▓.▓.▓)▓.▓1▓
{
.▓.▓)▓.▓.▓.▓.▓.▓L▓
{
.▓.▓)▓.▓.▓.▓.▓.▓*▓
{
.▓.▓[▓.▓.▓.▓.▓.▓y▓
{
.▓.▓)▓.▓!▓.▓.▓.▓1▓
{
.▓.▓:▓)▓.▓.▓.▓.▓2▓
.▓.▓.▓.▓.▓.▓'▓.▓D▓
{
)▓.▓)▓.▓!▓.▓)▓.▓{
{


You could see an orb of fire, a Hell Sentinel, an ancient lich (invisible), a
storm dragon (wandering), an Ice Fiend, a balrug and a moth of wrath.

Vanquished Creatures
  4 ancient liches (D)
  3 orbs of fire (D)
  Mara (D)
  Mennas (D)
  Sojobo (D)
  A juggernaut (D)
  Margery (D)
  Frederick (D)
  Xtahua (D)
  2 curse toes (D)
  2 golden dragons (D)
  Nikola (D)
  2 electric golems (D)
  2 tentacled monstrosities (D)
  A lich (D)
  14 Orb Guardians (D)
  A sphinx (D)
  2 quicksilver dragons (D)
  A death cob (D)
  8 shadow dragons (D)
  Agnes (D)
  Ilsuiw (D)
  2 storm dragons (D)
  2 tengu reavers (D)
  4 nagarajas (D)
  A draconian monk (D)
  3 frost giants (D)
  3 draconian scorchers (D)
  3 fire giants (D)
  3 ghost moths (D)
  Aizul (D)
  3 vault wardens (D)
  Louise (D)
  A draconian annihilator (D)
  5 emperor scorpions (D)
  3 ironheart preservers (D)
  A very ugly thing (D)
  2 draconian callers (D)
  Nessos (D)
  9 stone giants (D)
  2 black draconians (D)
  3 white draconians (D)
  5 green draconians (D)
  3 red draconians (D)
  A yellow draconian (D)
  2 purple draconians (D)
  6 mottled draconians (D)
  An ettin (D)
  A merfolk javelineer (D)
  Snorg (D)
  5 fire dragons (D)
  6 merfolk impalers (D)
  2 yaktaur captains (D)
  3 great orbs of eyes (D)
  25 vault guards (D)
  5 ice dragons (D)
  A rakshasa (D)
  2 ogre magi (D)
  3 naga warriors (D)
  An anaconda (D)
  3 centaur warriors (D)
  6 hydras (D)
  A ghost crab (D)
  2 merfolk aquamancers (D)
  A death knight (D)
  An alligator (D)
  4 deep troll shamans (D)
  An orc high priest (D)
  2 shock serpents (D)
  Sonja (D)
  A deep elf knight (D)
  A shadow wraith (D)
  2 sea snakes (D)
  3 hell knights (D)
  2 glowing orange brains (D)
  A spriggan druid (D)
  A naga ritualist (D)
  A flayed ghost (D)
  2 deep trolls (D)
  7 swamp dragons (D)
  A hill giant (shapeshifter) (D)
  A phantasmal warrior (D)
  An ironbrand convoker (D)
  4 orc knights (D)
  8 hill giants (D)
  An ugly thing (D)
  A harpy (D)
  2 wolf spiders (D)
  3 necromancers (D)
  A manticore (D)
  3 moths of wrath (D)
  5 guardian serpents (D)
  A spiny frog (D)
  A naga mage (D)
  4 vault sentinels (D)
  4 yaktaurs (D)
  5 demonic crawlers (D)
  2 trolls (D)
  A jumping spider (shapeshifter) (D)
  3 jumping spiders (D)
  A slime creature (D)
  7 merfolk (D)
  A hornet (shapeshifter) (D)
  2 hornets (D)
  2 two-headed ogres (D)
  3 blink frogs (D)
  A wind drake (D)
  3 tyrant leeches (D)
  A bog body (D)
  3 hippogriffs (D)
  A redback (D)
  2 tarantellas (D)
  A spriggan (D)
  A yak (D)
  2 wraiths (D)
  A hungry ghost (D)
  An insubstantial wisp (D)
  3 mottled dragons (D)
  5 nagas (D)
  3 water moccasins (D)
  3 porcupines (D)
  10 orc warriors (D)
  3 swamp drakes (D)
  An ice beast (D)
  An eye of draining (shapeshifter) (D)
  2 boggarts (D)
  2 wolves (D)
  2 crocodiles (D)
  A big kobold (shapeshifter) (D)
  5 bullfrogs (D)
  A howler monkey (D)
  A crimson imp (D)
  A quasit (D)
  An orc priest (D)
  A jelly (D)
  A hound (D)
  3 orc wizards (D)
  An adder (D)
  A shadow imp (D)
  An ooze (D)
  An adder skeleton (D)
  An adder zombie (D)
  9 orcs (D)
  A bat skeleton (D)
  A goblin (D)
  A frilled lizard (D)
  A kobold (D)
  A quokka zombie (D)
  A rat (D)
376 creatures vanquished.

Vanquished Creatures (others)
  An ancient lich (D)
  A hydra (D)
  An insubstantial wisp (D)
3 creatures vanquished.

Grand Total: 379 creatures vanquished

Notes
Turn   | Place    | Note
-------+----------+-------------------------------------------
     0 | D        | tsouns the Formicid Fighter began the quest for the Orb.
     0 | D        | Reached XP level 1. HP: 18/18 MP: 1/1
    15 | D        | Reached XP level 2. HP: 26/26 MP: 2/2
    28 | D        | Noticed an ice beast
    42 | D        | Killed an ice beast
    42 | D        | Reached XP level 3. HP: 17/37 MP: 3/3
    42 | D        | Reached XP level 4. HP: 21/44 MP: 4/4
    42 | D        | Reached XP level 5. HP: 23/49 MP: 5/5
    49 | D        | Reached skill level 1 in Dodging
   245 | D        | Found a roughly hewn altar of Beogh.
   245 | D        | Found a snail-covered altar of Cheibriados.
   245 | D        | Found a shadowy altar of Dithmenos.
   245 | D        | Found a white marble altar of Elyvilon.
   245 | D        | Found a blossoming altar of Fedhas.
   245 | D        | Found an opulent altar of Gozag.
   246 | D        | Found a hazy altar of Hepliaklqana.
   247 | D        | Found a viscous altar of Jiyva.
   248 | D        | Found an ancient bone altar of Kikubaaqudgha.
   249 | D        | Found a corrupted altar of Lugonu.
   250 | D        | Found a burning altar of Makhleb.
   251 | D        | Found a sparkling altar of Nemelex Xobeh.
   252 | D        | Found an iron altar of Okawaru.
   253 | D        | Found a stormy altar of Qazlal.
   254 | D        | Found a sacrificial altar of Ru.
   255 | D        | Found a deep blue altar of Sif Muna.
   256 | D        | Found a bloodstained altar of Trog.
   257 | D        | Found a hide-covered altar of Uskayaw.
   258 | D        | Found a radiant altar of Vehumet.
   259 | D        | Found a shimmering altar of Xom.
   260 | D        | Found a basalt altar of Yredelemnul.
   261 | D        | Found a glowing silver altar of Zin.
   262 | D        | Found a glowing golden altar of the Shining One.
   289 | D        | Became a worshipper of Gozag Ym Sagoz the Greedy
   346 | D        | Noticed an orc warrior
   346 | D        | Noticed a bullfrog
   352 | D        | Reached skill level 5 in Shields
   358 | D        | Reached skill level 5 in Armour
   358 | D        | Reached XP level 6. HP: 17/57 MP: 6/6
   426 | D        | Killed an orc warrior
   434 | D        | Reached XP level 7. HP: 29/64 MP: 7/7
   697 | D        | Noticed a two-headed ogre
   697 | D        | Noticed a death knight
   697 | D        | Noticed a centaur warrior
   701 | D        | Killed a two-headed ogre
   722 | D        | Killed a death knight
   722 | D        | Reached skill level 10 in Fighting
   722 | D        | Reached skill level 10 in Long Blades
   722 | D        | Reached XP level 8. HP: 17/74 MP: 8/8
   737 | D        | HP: 3/74 [centaur warrior (7)]
   739 | D        | Killed a centaur warrior
   739 | D        | Reached skill level 10 in Shields
   739 | D        | Reached XP level 9. HP: 9/81 MP: 9/9
  1185 | D        | Noticed a hippogriff
  1185 | D        | Noticed a hippogriff
  1190 | D        | Killed a hippogriff
  1206 | D        | Killed a hippogriff
  1213 | D        | Reached skill level 10 in Armour
  1213 | D        | Reached XP level 10. HP: 68/89 MP: 10/10
  1418 | D        | Noticed an eight-headed hydra
  1418 | D        | Noticed a spiny frog
  1502 | D        | Reached skill level 1 in Evocations
  1503 | D        | Noticed a four-headed hydra
  1503 | D        | Killed an eight-headed hydra
  1507 | D        | Killed a spiny frog
  1511 | D        | Killed a four-headed hydra
  1639 | D        | Reached XP level 11. HP: 88/96 MP: 14/16
  1760 | D        | Noticed Sonja
  1773 | D        | Killed Sonja
  1884 | D        | Reached skill level 1 in Throwing
  2022 | D        | Noticed an orc high priest
  2022 | D        | Noticed an orc knight
  2022 | D        | Noticed an orc knight
  2075 | D        | Noticed a soul eater
  2081 | D        | Killed an orc high priest
  2095 | D        | Killed an orc knight
  2103 | D        | Killed an orc knight
  2103 | D        | Reached skill level 10 in Dodging
  2324 | D        | Noticed an orc knight
  2341 | D        | Reached skill level 5 in Throwing
  2354 | D        | Killed an orc knight
  2455 | D        | Found Bitij's Distillery.
  2455 | D        | Noticed a stone giant
  2455 | D        | Noticed a hill giant
  2455 | D        | Noticed a hill giant
  2455 | D        | Noticed a hill giant
  2455 | D        | Noticed a deep troll
  2456 | D        | Noticed a hill giant
  2468 | D        | Noticed a hill giant
  2470 | D        | Killed a stone giant
  2470 | D        | Reached XP level 12. HP: 86/107 MP: 18/18
  2496 | D        | Killed a deep troll
  2512 | D        | Found Namek's Weapon Shoppe.
  2516 | D        | Found Jelyosk's Antique Armour Emporium.
  2519 | D        | Found Bompoici's Book Shoppe.
  2519 | D        | Noticed a deep troll
  2591 | D        | Killed a deep troll
  2591 | D        | Reached skill level 15 in Long Blades
  2855 | D        | Noticed an ogre mage
  2860 | D        | Killed an ogre mage
  2860 | D        | Reached skill level 15 in Fighting
  2867 | D        | Bought a potion of curing for 33 gold pieces
  2867 | D        | Bought a potion of heal wounds for 55 gold pieces
  2867 | D        | Bought a potion of resistance for 110 gold pieces
  2867 | D        | Bought a potion of might for 44 gold pieces
  2867 | D        | Bought a potion of agility for 44 gold pieces
  2867 | D        | Bought a potion of invisibility for 88 gold pieces
  2867 | D        | Bought 2 potions of might for 88 gold pieces
  2867 | D        | Bought a potion of agility for 44 gold pieces
  2873 | D        | Bought a runed plate armour for 725 gold pieces
  3077 | D        | Noticed a centaur warrior
  3091 | D        | Killed a centaur warrior
  3093 | D        | Noticed a stone giant
  3099 | D        | Noticed a deep troll shaman
  3103 | D        | Noticed a deep troll shaman
  3118 | D        | Killed a stone giant
  3214 | D        | Killed a deep troll shaman
  3214 | D        | Reached XP level 13. HP: 115/116 MP: 19/19
  3270 | D        | Noticed an ice dragon
  3460 | D        | Killed an ice dragon
  3674 | D        | Noticed a stone giant
  3688 | D        | Killed a stone giant
  3688 | D        | Reached skill level 15 in Shields
  4126 | D        | Noticed Agnes
  4150 | D        | Killed Agnes
  4150 | D        | Reached skill level 15 in Armour
  4154 | D        | Noticed Nessos
  4161 | D        | Killed Nessos
  4696 | D        | Noticed an anaconda
  4705 | D        | Killed an anaconda
  5166 | D        | Bought the +8 scimitar of Nicihi {elec, rC+} for 896 gold pieces
  5206 | D        | Noticed an emperor scorpion
  5246 | D        | Killed an emperor scorpion
  5474 | D        | Noticed a six-headed hydra
  5474 | D        | Noticed a ghost crab
  5477 | D        | Killed a six-headed hydra
  5477 | D        | Reached XP level 14. HP: 129/129 MP: 20/20
  5538 | D        | Noticed an emperor scorpion
  5548 | D        | Killed an emperor scorpion
  5897 | D        | Reached skill level 15 in Dodging
  5914 | D        | Reached skill level 10 in Evocations
  5986 | D        | Bought a pair of runed gloves for 252 gold pieces
  6074 | D        | Noticed a stone giant
  6074 | D        | Noticed a cyan very ugly thing
  6080 | D        | Noticed a fire giant
  6081 | D        | Killed a stone giant
  6097 | D        | Killed a cyan very ugly thing
  6114 | D        | Noticed a frost giant
  6123 | D        | Killed a fire giant
  6135 | D        | Noticed a stone giant
  6140 | D        | Killed a frost giant
  6143 | D        | Noticed a stone giant
  6428 | D        | Killed a stone giant
  6443 | D        | Killed a stone giant
  6454 | D        | Reached XP level 15. HP: 52/143 MP: 24/24
  6792 | D        | Noticed an ironheart preserver
  6792 | D        | Noticed an ironheart preserver
  6792 | D        | Noticed an ironheart preserver
  6799 | D        | Killed an ironheart preserver
  6826 | D        | Killed an ironheart preserver
  6834 | D        | Killed an ironheart preserver
  6845 | D        | Noticed a vault warden
  6868 | D        | Killed a vault warden
  6879 | D        | Noticed a stone giant
  6880 | D        | Noticed a stone giant
  6889 | D        | HP: 6/146 [stone giant (51)]
  6894 | D        | Killed a stone giant
  6900 | D        | Killed a stone giant
  7403 | D        | Noticed Margery
  7435 | D        | Killed Margery
  7864 | D        | Noticed Xtahua
  7881 | D        | Killed Xtahua
  7885 | D        | Bought a scroll of fear for 49 gold pieces
  7885 | D        | Bought a potion of curing for 42 gold pieces
  7885 | D        | Bought 2 curare-tipped needles for 16 gold pieces
  7885 | D        | Bought a phantom mirror for 420 gold pieces
  7960 | D        | Noticed Ilsuiw
  8004 | D        | Killed Ilsuiw
  8004 | D        | Reached XP level 16. HP: 110/156 MP: 25/25
  8471 | D        | Got a barnacled rune of Zot
  8563 | D        | Got a gossamer rune of Zot
  8810 | D        | Noticed a nagaraja
  8810 | D        | Noticed a nagaraja
  8811 | D        | Noticed a nagaraja
  8832 | D        | Killed a nagaraja
  8892 | D        | Killed a nagaraja
  8895 | D        | Killed a nagaraja
  8895 | D        | Reached skill level 10 in Throwing
  9153 | D        | Noticed a nagaraja
  9156 | D        | Got a serpentine rune of Zot
  9164 | D        | Killed a nagaraja
  9772 | D        | Got a decaying rune of Zot
  9801 | D        | Noticed Aizul
  9810 | D        | Killed Aizul
  9957 | D        | Noticed Frederick
  9972 | D        | Killed Frederick
  9972 | D        | Reached XP level 17. HP: 135/166 MP: 26/26
 10149 | D        | Reached skill level 15 in Throwing
 10233 | D        | Noticed a sphinx
 10233 | D        | Noticed a quicksilver dragon
 10250 | D        | Noticed a shadow dragon
 10253 | D        | Killed a sphinx
 10264 | D        | Killed a quicksilver dragon
 10337 | D        | Killed a shadow dragon
 10391 | D        | Noticed a shadow dragon
 10409 | D        | Killed a shadow dragon
 10807 | D        | Noticed a shadow dragon
 10807 | D        | Noticed a shadow dragon
 10807 | D        | Noticed an ancient lich
 10807 | D        | Noticed a shadow dragon
 10808 | D        | Noticed an ancient lich
 10821 | D        | Killed an ancient lich
 10821 | D        | Reached XP level 18. HP: 177/177 MP: 27/27
 10824 | D        | Noticed an Ice Fiend
 10839 | D        | Noticed a lich
 10861 | D        | Killed an ancient lich
 10885 | D        | Killed a lich
 11242 | D        | Got a silver rune of Zot
 11274 | D        | Noticed Louise
 11299 | D        | Killed Louise
 11319 | D        | Noticed Nikola
 11329 | D        | Killed Nikola
 11345 | D        | Noticed Mennas
 11361 | D        | Killed Mennas
 11389 | D        | Got the ring "Uraceufo" {rPois rC- rN++ Dex-3 Slay+3}
 11392 | D        | Got the ring of Plog {*Drain +Inv rF+ Str+4}
 11395 | D        | Got the ring of Cheibriados's Esteem {rElec rC+ Stlth+}
 11401 | D        | Got the ring "Motem Xiac" {rElec rN+++ Str-5 Int-5 Dex+3}
 11403 | D        | Got the amulet of Spontaneous Combustion {Faith +Blink Int+4 Dex-3}
 11425 | D        | Got the +5 great sword "Spiderbane" {venom, rN+ Str+6 Dex+4}
 11506 | D        | Noticed Snorg
 11512 | D        | Killed Snorg
 11512 | D        | Reached skill level 5 in Stealth
 11543 | D        | Noticed Mara
 11581 | D        | Noticed tsouns's illusion
 11605 | D        | Killed Mara
 11722 | D        | Noticed Sojobo
 11809 | D        | Killed Sojobo
 12171 | D        | Noticed a juggernaut
 12194 | D        | Killed a juggernaut
 12194 | D        | Reached skill level 10 in Stealth
 12194 | D        | Reached XP level 19. HP: 146/188 MP: 22/29
 12201 | D        | Reached skill level 27 in Fighting
 12214 | D        | Reached skill level 15 in Evocations
 12362 | D        | Noticed a golden dragon
 12401 | D        | Killed a golden dragon
 12643 | D        | Noticed an electric golem
 12667 | D        | Killed an electric golem
 12731 | D        | Noticed a curse toe
 12755 | D        | Noticed a curse toe
 12788 | D        | Killed a curse toe
 12796 | D        | Killed a curse toe
 13237 | D        | Reached XP level 20. HP: 197/197 MP: 34/34
 13610 | D        | Noticed a tentacled monstrosity
 13610 | D        | Noticed an orb of fire
 13610 | D        | Noticed a tentacled monstrosity
 13625 | D        | Gained mutation: Potions and wands are less effective at restoring your health. [an orb of fire]
 13626 | D        | Killed an orb of fire
 13632 | D        | Killed a tentacled monstrosity
 13635 | D        | Lost mutation: Potions and wands are less effective at restoring your health. [potion of cure mutation]
 13657 | D        | Killed a tentacled monstrosity
 13731 | D        | Noticed an ancient lich
 13735 | D        | Killed an ancient lich
 13739 | D        | Noticed an orb of fire
 13747 | D        | Gained mutation: Scrolls take you a little longer to read. [an orb of fire]
 13750 | D        | Killed an orb of fire
 13750 | D        | Reached XP level 21. HP: 204/204 MP: 36/36
 13754 | D        | Noticed an electric golem
 13781 | D        | Killed an electric golem
 13848 | D        | Noticed a golden dragon
 13848 | D        | Noticed an ancient lich
 13848 | D        | Noticed an ancient lich
 13853 | D        | Noticed an orb of fire
 13860 | D        | Killed a golden dragon
 13860 | D        | Reached skill level 27 in Armour
 13870 | D        | Killed an ancient lich
 13873 | D        | Noticed an electric golem
 13881 | D        | Killed an ancient lich
 13889 | D        | Noticed an ancient lich
 13896 | D        | Gained mutation: Potions and wands are less effective at restoring your health. [an orb of fire]
 13899 | D        | Gained mutation: Your spells are a little easier to cast, but a little less powerful. [an orb of fire]
 13900 | D        | Noticed an orb of fire
 13904 | D        | Killed an orb of fire
 13904 | D        | Reached skill level 27 in Shields
 13914 | D        | Killed from afar by a Hell Sentinel

Vault maps used:
D:        linesprint

Skill      XL: |  1  2  3  4  5  6  7  8  9 10 11 12 13 14 15 16 17 18 19 20 21 |
---------------+----------------------------------------------------------------+-----
Fighting       | 4 7 8 9 10 11 12 14 15 17 20 22 24 25 26 27 | 27.0
Long Blades    | 3 6 7 8 10 11 12 13 14 15 16 20 24 26 | 26.9
Shields        | 5 7 9 10 12 14 15 16 18 21 23 26 27 | 27.0
Armour         | 5 6 8 9 10 11 12 14 17 18 19 21 23 24 26 27 | 27.0
Dodging        | 2 4 6 7 9 10 12 14 16 18 19 21 23 24 | 24.1
Evocations     | 6 8 12 14 20 23 24 | 24.4
Throwing       | 5 12 18 20 24 26 | 26.9
Stealth        | 10 | 10.1

Action                   |  1- 3 |  4- 6 |  7- 9 | 10-12 | 13-15 | 16-18 | 19-21 || total
-------------------------+-------+-------+-------+-------+-------+-------+-------++-------
Melee: Long sword        |    17 |     6 |       |       |       |       |       ||    23
       Scimitar          |       |    24 |    71 |   305 |   348 |       |       ||   748
       Great sword       |       |       |       |       |   173 |   675 |   526 ||  1374
Throw: Stone             |       |       |       |    11 |     1 |       |       ||    12
       Tomahawk          |       |       |       |     6 |       |     3 |       ||     9
       Javelin           |       |       |       |       |       |     4 |       ||     4
       Throwing net      |       |       |       |       |       |     1 |       ||     1
Invok: Potion Petition   |       |       |     1 |       |     3 |     8 |     7 ||    19
       Call Merchant     |       |       |       |       |     4 |       |       ||     4
Evoke: Wand              |       |     1 |       |    11 |     9 |     2 |       ||    23
  Use: Potion            |     2 |     2 |     6 |     1 |     6 |     4 |     5 ||    26
       Scroll            |       |       |     4 |     2 |     7 |     1 |       ||    14
 Stab: Invisible         |       |     1 |       |       |       |     2 |     6 ||     9
       Distracted        |       |       |       |     1 |     4 |     2 |    11 ||    18
  Eat: Bread ration      |       |       |     1 |     1 |     1 |     2 |       ||     5
       Meat ration       |       |       |       |       |     2 |     2 |     1 ||     5
Armor: Scale mail        |     6 |     7 |    14 |    17 |       |       |       ||    44
       Plate armour      |       |       |       |    23 |   131 |   117 |    45 ||   316
Dodge: Dodged            |     6 |    12 |    18 |    84 |   164 |   265 |   139 ||   688
Block: Shield            |     5 |    29 |    27 |   108 |   214 |   162 |       ||   545
       Large shield      |       |       |       |       |       |   208 |   356 ||   564
       Rpst.: Long sword |     1 |       |       |       |       |       |       ||     1
       Scimitar          |       |     2 |     6 |    13 |    22 |       |       ||    43
       Great sword       |       |       |       |       |    12 |    37 |    18 ||    67
